Map: Galactic Process LE

Players

LiquidBunny (Bunny) - Winner!

  • Race: Terran Terran
  • League: Master

LiquidSnute (Snute)

  • Race: Zerg Zerg

Event: DreamHack ZOWIE Open Valencia 2016

VOD

Have the link to the VOD?

Description

Time

  • Played on: July 14, 2016, 1:20 p.m.
  • Length: 12:58

All games in this series

Show
View Real Time Build Order
Export as new Build Order

LiquidBunny Terran - Winner!

Build Orders: Reaper Expand, Bio Tank 

Get SALT Encoding   

  12  0:00  SCV  
  13  0:13  SCV  
  14  0:17  Supply Depot  
  14  0:25  SCV  
  15  0:38  SCV  
  15  0:40  Barracks  
  16  0:44  Refinery  
  16  0:50  SCV  
  17  1:03  SCV  
  18  1:15  SCV  
  19  1:27  Orbital Command, Reaper  
  20  1:39  Command Center  
  20  1:50  Supply Depot  
  20  1:53  SCV  
  21  1:59  Reaper  
  22  2:05  SCV  
  23  2:17  SCV  
  23  2:21  Command Center  
  25  2:30  SCV  
  25  2:31  Barracks  
  25  2:34  Barracks Reactor  
  25  2:42  SCV  
  26  2:51  Barracks  
  26  2:54  SCV  
  26  2:56  Orbital Command  
  26  3:06  SCV  
  26  3:10  Bunker  
  26  3:11  Marine x2  
  29  3:18  SCV  
  29  3:19  Barracks Tech Lab  
  30  3:23  SCV  
  31  3:29  Marine x2  
  31  3:30  SCV  
  34  3:35  SCV, Orbital Command  
  34  3:39  Stimpack  
  34  3:40  Barracks Reactor  
  35  3:42  SCV  
  35  3:43  Marine  
  35  3:47  SCV  
  38  3:50  Refinery  
  38  3:51  Refinery  
  38  3:54  SCV  
  39  3:57  Marine x2  
  39  3:59  SCV  
  39  4:00  SCV  
  43  4:05  Marine  
  43  4:06  SCV  
  43  4:07  Factory  
  45  4:11  SCV  
  45  4:12  SCV  
  45  4:14  Supply Depot  
  45  4:15  Marine x2  
  49  4:18  SCV  
  49  4:23  SCV  
  51  4:25  SCV  
  51  4:29  Marine, Engineering Bay  
  51  4:30  SCV, Engineering Bay  
  54  4:34  Marine  
  54  4:35  SCV  
  54  4:36  Supply Depot  
  54  4:38  Marine, Orbital Command  
  57  4:40  Marine, Refinery  
  57  4:43  SCV  
  60  4:47  Marine, SCV  
  60  4:50  Supply Depot  
  62  4:55  SCV, Terran Infantry Weapons Level 1  
  62  4:56  Terran Infantry Armor Level 1  
  62  4:58  Starport  
  62  4:59  Factory Reactor  
  62  5:00  SCV  
  62  5:05  SCV  
  64  5:07  SCV  
  64  5:09  Supply Depot  
  64  5:12  Marine x2, SCV  
  68  5:17  SCV  
  68  5:20  SCV  
  70  5:23  Barracks  
  70  5:24  Marine x2, SCV  
  70  5:25  Barracks  
  73  5:29  SCV  
  73  5:31  Marine  
  73  5:32  Marine, SCV  
  76  5:36  SCV  
  76  5:38  Supply Depot  
  76  5:39  Refinery  
  76  5:41  Factory Tech Lab, SCV, Medivac x2  
  82  5:43  Marine x2  
  82  5:44  SCV  
  82  5:47  Marine  
  82  5:48  SCV  
  82  5:49  Combat Shields  
  87  5:53  SCV  
  87  5:55  Armory  
  87  5:56  SCV  
  89  5:57  Marine x2  
  89  6:02  Supply Depot, SCV  
  89  6:03  Supply Depot  
  92  6:08  SCV  
  92  6:11  Siege Tank  
  96  6:12  Medivac  
  96  6:13  Factory, Barracks Reactor  
  96  6:15  SCV  
  99  6:18  Marine  
  99  6:19  Marine, Barracks Reactor  
  99  6:23  Marine, Medivac  
  104  6:27  Supply Depot, Marine  
  104  6:28  Marine  
  104  6:29  Supply Depot  
  106  6:36  Marine  
  106  6:37  SCV, Marine  
  109  6:41  Marine  
  109  6:44  Supply Depot  
  109  6:45  Marine, Siege Tank  
  109  6:46  Marine  
  115  6:51  Terran Infantry Weapons Level 2  
  115  6:53  Marine x2  
  117  6:54  Marine  
  117  6:57  Factory Tech Lab  
  117  6:58  Terran Infantry Armor Level 2  
  117  6:59  Marine x2  
  117  7:00  Marine  
  118  7:03  Marine x2  
  118  7:05  Marine  
  120  7:11  Marine  
  121  7:17  Marine, Terran Vehicle Weapons Level 1, Siege Tank, Barracks  
  121  7:18  Supply Depot, Marine, Barracks  
  121  7:21  Supply Depot, Marine  
  127  7:24  Siege Tank  
  127  7:28  Marine  
  127  7:29  Marine  
  130  7:37  Marine x2  
  130  7:42  Marine x2, SCV  
  127  7:45  Marine x2, SCV  
  127  7:48  SCV  
  127  7:50  Marine x3, Siege Tank  
  128  7:52  Medivac  
  128  7:55  Marine x2  
  128  7:56  Siege Tank  
  135  8:01  Marine  
  135  8:02  Marine  
  135  8:03  Marine x2  
  141  8:14  Marine x2  
  141  8:17  Barracks Tech Lab x2  
  141  8:18  Marine x2, Marauder  
  141  8:19  Marine  
  145  8:21  Marine  
  145  8:22  Siege Tank  
  145  8:24  Marine  
  145  8:25  Command Center  
  151  8:28  Siege Tank  
  151  8:32  Marine x3  
  157  8:39  SCV  
  157  8:41  Marine  
  157  8:42  Marine  
  157  8:43  Marine  
  157  8:48  Marine  
  157  8:49  Marine  
  157  8:51  Marauder  
  157  8:55  Marine  
  157  8:57  Marine  
  157  9:01  Supply Depot x2  
  157  9:02  Marine x2, Marauder, Siege Tank x2  
  165  9:16  Medivac  
  165  9:22  Marine x6, Medivac  
  165  9:23  Marauder x3  
  177  9:32  Marine x2  
  177  9:34  Siege Tank  
  166  9:40  Marine x3  
  166  9:41  Marine x2  
  166  9:43  Marine  
  166  9:44  Marine, Marauder x2  
  156  9:46  Medivac  
  156  9:50  Marine x2  
  156  9:52  Medivac  
  161  9:58  Marine x3  
  161  9:59  Marine x2  
  166  10:02  Marauder  
  166  10:03  Terran Infantry Weapons Level 3  
  166  10:04  Marine  
  166  10:06  Marauder x2  
  170  10:08  Marine  
  170  10:11  Marine  
  159  10:22  Marine x3  
  159  10:23  Marine x3, SCV  
  159  10:24  SCV, Marauder  
  159  10:26  Marine  
  159  10:27  Marine, Marauder  
  141  10:29  Marine  
  127  10:39  Marine  
  127  10:40  Marine x2, Planetary Fortress  
  127  10:41  Marine x3  
  121  10:43  Marine  
  121  10:45  Marauder x2  
  121  10:47  Marine  
  121  10:48  Marine  
  124  10:57  Marine  
  124  11:00  Marine x3, Siege Tank x2  
  124  11:01  Medivac  
  124  11:02  Medivac  
  138  11:05  Marine x2  
  138  11:06  Marauder x3  
  138  11:07  Marine x2  
  138  11:10  Refinery  
  148  11:16  Marine  
  148  11:17  Command Center  
  148  11:18  Marine  
  150  11:27  Marine x2  
  150  11:28  Marauder x2  
  150  11:31  Medivac  
  150  11:32  Medivac, Siege Tank  
  163  11:34  Marine x2  
  163  11:38  Marine x2  
  160  11:46  Marine  
  149  11:53  Marine x3  
  144  11:54  Marauder  
  144  11:57  Marine x5  
  144  11:58  Marauder  
  150  12:01  Medivac  
  150  12:02  Medivac  
  150  12:03  Barracks  
  150  12:04  Marine  
  150  12:05  Command Center  
  155  12:09  Starport  
  155  12:11  Marine x3  
  155  12:14  Marine x2  
  155  12:15  Marine x2, Marauder x2  
  166  12:19  Marauder  
  166  12:22  Marine  
  169  12:29  Marine x3  
  169  12:32  Marine x3  
  169  12:33  Marine  
  168  12:37  SCV, Marauder x2  
  168  12:39  Marine  
Show
View Real Time Build Order
Export as new Build Order

LiquidSnute Zerg 

Build Orders: Hatch First 

Get SALT Encoding   

  12  0:00  Drone  
  13  0:12  Overlord  
  13  0:17  Drone  
  14  0:30  Drone x2  
  14  0:34  Drone  
  17  0:53  Hatchery  
  17  0:56  Drone  
  17  0:59  Drone  
  17  1:03  Extractor  
  17  1:15  Spawning Pool  
  16  1:19  Drone  
  16  1:21  Drone  
  18  1:28  Drone  
  19  1:38  Overlord  
  19  2:02  Zergling x4, Queen  
  19  2:03  Metabolic Boost  
  19  2:05  Queen  
  25  2:11  Drone  
  26  2:15  Overlord  
  26  2:22  Drone  
  27  2:30  Drone  
  27  2:31  Drone  
  27  2:32  Drone  
  30  2:37  Drone  
  30  2:42  Queen  
  33  2:46  Zergling x2  
  33  2:49  Zergling x2  
  35  2:53  Pneumatized Carapace  
  34  3:05  Drone x2  
  34  3:06  Drone  
  34  3:10  Drone x3  
  34  3:12  Overlord  
  40  3:15  Drone  
  41  3:21  Drone  
  41  3:22  Drone x2  
  44  3:30  Overlord  
  44  3:39  Hatchery  
  44  3:40  Drone  
  44  3:41  Drone  
  44  3:43  Drone  
  44  3:45  Drone  
  44  3:47  Drone  
  47  3:51  Drone x2  
  49  3:57  Drone x2  
  49  3:58  Drone  
  49  4:00  Queen  
  54  4:03  Drone  
  54  4:04  Drone  
  54  4:08  Drone  
  57  4:11  Evolution Chamber x2  
  57  4:13  Drone  
  56  4:17  Drone  
  56  4:19  Drone  
  56  4:20  Drone, Overlord  
  56  4:23  Overlord  
  59  4:32  Overlord  
  59  4:35  Overlord  
  59  4:37  Zerg Ground Armor Level 1  
  59  4:41  Drone x3, Overlord  
  62  4:46  Zerg Missile Weapons Level 1  
  62  4:47  Drone  
  62  4:51  Drone  
  65  4:52  Drone  
  65  4:57  Drone  
  65  4:59  Drone  
  68  5:00  Drone x3  
  68  5:01  Drone x2, Roach Warren  
  68  5:06  Drone x2  
  73  5:09  Drone  
  73  5:11  Extractor  
  73  5:12  Drone  
  73  5:13  Extractor  
  73  5:14  Extractor  
  72  5:15  Extractor  
  72  5:17  Drone, Extractor  
  72  5:20  Queen x2  
  72  5:21  Queen  
  77  5:23  Drone x2  
  77  5:24  Drone  
  77  5:26  Drone x2  
  77  5:27  Drone  
  83  5:32  Drone x4  
  83  5:33  Drone  
  88  5:36  Drone x2  
  88  5:39  Drone  
  91  5:42  Overlord  
  91  5:52  Overlord  
  91  5:53  Overlord x2  
  91  6:01  Lair, Overlord, Queen x2  
  91  6:02  Roach x2  
  91  6:03  Roach  
  101  6:04  Roach  
  103  6:11  Roach  
  103  6:12  Roach x3  
  103  6:13  Roach  
  103  6:14  Roach  
  103  6:17  Roach x2  
  119  6:23  Roach  
  121  6:27  Roach, Hatchery  
  121  6:31  Ravager  
  121  6:32  Ravager x4  
  127  6:41  Roach x6  
  127  6:44  Roach x3  
  145  6:53  Roach  
  145  6:54  Overlord x2  
  145  6:59  Zerg Ground Armor Level 2  
  145  7:01  Infestation Pit  
  141  7:08  Overlord  
  141  7:09  Zerg Missile Weapons Level 2, Overlord  
  141  7:15  Roach x3  
  147  7:16  Roach  
  147  7:18  Extractor  
  147  7:21  Drone x3  
  147  7:22  Drone  
  151  7:23  Extractor  
  151  7:24  Glial Reconstitution  
  150  7:34  Roach  
  150  7:35  Roach x6  
  159  7:46  Roach x6  
  169  7:57  Roach x7  
  183  8:01  Overlord x2  
  183  8:03  Hive  
  183  8:11  Spore Crawler  
  182  8:13  Spore Crawler  
  182  8:15  Spore Crawler  
  180  8:21  Roach x6  
  180  8:22  Roach x2  
  196  8:28  Infestor x2  
  196  8:33  Spore Crawler  
  196  8:44  Ravager x3  
  196  8:45  Ravager  
  185  9:10  Roach x7  
  185  9:11  Ravager  
  200  9:17  Zerg Ground Armor Level 3  
  140  9:38  Roach  
  140  9:39  Roach x14  
  125  9:48  Roach  
  125  9:51  Roach x2  
  121  9:58  Roach  
  123  10:02  Ravager x4  
  123  10:03  Ravager x2  
  123  10:04  Roach x2  
  123  10:07  Drone  
  122  10:27  Roach x8  
  110  10:34  Roach x2  
  102  10:37  Roach  
  94  10:43  Roach  
  94  10:48  Roach x2  
  95  10:50  Ravager x2  
  95  10:51  Roach  
  95  10:54  Roach  
  101  10:58  Roach  
  101  11:00  Roach  
  105  11:05  Roach, Hatchery  
  105  11:08  Roach  
  105  11:09  Hatchery  
  105  11:10  Roach  
  109  11:18  Roach  
  113  11:25  Roach  
  113  11:26  Roach  
  113  11:28  Ravager x2  
  113  11:29  Queen x3  
  113  11:31  Ravager  
  124  11:35  Roach x5  
  130  11:44  Roach x4  
  130  11:52  Infestor x2  
  110  11:56  Roach  
  110  11:58  Ravager  
  110  11:59  Ravager x2  
  110  12:01  Roach  
  109  12:02  Roach  
  109  12:06  Roach  
  113  12:10  Roach x2  
  113  12:12  Ravager  
  113  12:14  Roach  
  120  12:18  Roach x2  
  124  12:27  Overseer  

Tags
 
Add a new tag
Caveats
  • Supply blocks, unpowered buildings, or Contaminate may cause inaccurate times.
  • Supply counts are checked every 10 seconds.